PL
GREENVILLE 84S @ VANCOUVER GREY WOLVES
09/23/2039
 
TOP OF THE 1ST
Greenville 84s batting - Pitching for Vancouver Grey Wolves : LHP Arnie Harper
Pitching: LHP Arnie Harper
Batting: RHB Juan Jose Ayala 0-0: Ground out 3-1 (Groundball, 3S, EV 73.1 MPH)
Batting: RHB Ángelo Delgado 0-0: Foul Ball, location: 2F
0-1: Foul Ball, location: 2F
0-2: Ball
1-2: Ball
2-2: Foul Ball, location: 2F
2-2: Foul Ball, location: 2F
2-2: SINGLE (Groundball, 6MD, EV 105.0 MPH)
Batting: RHB Jimbob Ghostkeeper 0-0: Called Strike
0-1: Foul Ball, location: 2F
0-2: Strikes out swinging
Batting: RHB Tae-cho Han 0-0: Ball
1-0: Called Strike
1-1: Foul Ball, location: 2F
1-2: Strikes out swinging
Top of the 1st over - 0 runs, 1 hit, 0 errors, 1 left on base; Greenville 0 - Vancouver 0
BOTTOM OF THE 1ST
Vancouver Grey Wolves batting - Pitching for Greenville 84s : RHP Glenn Suggett
Pitching: RHP Glenn Suggett
Batting: LHB Michael Malloy 0-0: Ball
1-0: Ball
2-0: Swinging Strike
2-1: Ball
3-1: Ground out 4-3 (Groundball, 4, EV 100.6 MPH)
Batting: LHB Gene Ricks 0-0: Foul Ball, location: 2F
0-1: Ball
1-1: Called Strike
1-2: Ground out 4-3 (Groundball, 4D, EV 108.8 MPH)
Batting: RHB Ray Skipworth 0-0: Called Strike
0-1: Called Strike
0-2: Ball
1-2: SINGLE (Groundball, 56D, EV 103.1 MPH)
Batting: LHB Johan Kroening 0-0: Swinging Strike
0-1: Ball
1-1: Swinging Strike
1-2: Foul Ball, location: 2F
1-2: Strikes out swinging
Bottom of the 1st over - 0 runs, 1 hit, 0 errors, 1 left on base; Greenville 0 - Vancouver 0
TOP OF THE 2ND
Greenville 84s batting - Pitching for Vancouver Grey Wolves : LHP Arnie Harper
Batting: LHB Philip Visscher 0-0: Ball
1-0: Called Strike
1-1: Ball
2-1: Swinging Strike
2-2: Foul Ball, location: 2F
2-2: Ground out 6-3 (Groundball, 4, EV 98.1 MPH)
Batting: RHB Gil Andersen 0-0: Ball
1-0: Called Strike
1-1: Called Strike
1-2: Fly out, F9 (Flyball, 9LS, EV 81.9 MPH)
Batting: RHB Wally Briggs 0-0: Ball
1-0: Ball
2-0: Swinging Strike
2-1: Swinging Strike
2-2: Ball
3-2: Base on Balls
Batting: RHB Cornelio Japón 0-0: Ball
1-0: SINGLE (Groundball, 15, EV 68.1 MPH) (infield hit)
Wally Briggs to second
Batting: RHB Giobbe Bastedo 0-0: Ball
1-0: Foul Ball, location: 2F
1-1: Ball
2-1: Ball
3-1: DOUBLE (Line Drive, 3D, EV 101.2 MPH)
Wally Briggs scores
Cornelio Japón to third
Runner from 3rd tries for Home, SAFE, throw by RF to home
Batting: RHB Juan Jose Ayala 0-0: SINGLE (Groundball, 4D, EV 102.5 MPH)
Giobbe Bastedo to third
Runner from 3rd tries for Home, SAFE, no throw by RF
Batting: RHB Ángelo Delgado 0-0: Called Strike
0-1: Swinging Strike
0-2: Ball
1-2: Strikes out looking
Top of the 2nd over - 3 runs, 3 hits, 0 errors, 1 left on base; Greenville 3 - Vancouver 0
BOTTOM OF THE 2ND
Vancouver Grey Wolves batting - Pitching for Greenville 84s : RHP Glenn Suggett
Batting: LHB Derek Corbin 0-0: Called Strike
0-1: Ball
1-1: Ball
2-1: Ball
3-1: Ground out 6-3 (Groundball, 6, EV 100.6 MPH)
Batting: LHB Cameron Woolever 0-0: Called Strike
0-1: Ball
1-1: Called Strike
1-2: Ball
2-2: SINGLE (Groundball, 34D, EV 108.1 MPH)
Batting: RHB David Stone 0-0: Ball
1-0: Ball
2-0: Called Strike
2-1: Foul Ball, location: 2F
2-2: Strikes out swinging
Batting: RHB José de la Cavallería 0-0: Ball
1-0: Called Strike
1-1: Called Strike
1-2: Strikes out looking
Bottom of the 2nd over - 0 runs, 1 hit, 0 errors, 1 left on base; Greenville 3 - Vancouver 0
TOP OF THE 3RD
Greenville 84s batting - Pitching for Vancouver Grey Wolves : LHP Arnie Harper
Batting: RHB Jimbob Ghostkeeper 0-0: Ball
1-0: Called Strike
1-1: Ball
2-1: Ball
3-1: Foul Ball, location: 2F
3-2: Base on Balls
Batting: RHB Tae-cho Han 0-0: Called Strike
0-1: Foul Ball, location: 2F
0-2: Ball
1-2: 2-RUN HOME RUN (Flyball, 7LD, EV 91.9 MPH), Distance : 345 ft
Pitching: RHP Sjoerd Reynoud
Batting: LHB Philip Visscher 0-0: Called Strike
0-1: Ball
1-1: Ball
2-1: Foul Ball, location: 2F
2-2: Ball
3-2: Strikes out swinging
Batting: RHB Gil Andersen 0-0: Foul Ball, location: 2F
0-1: Called Strike
0-2: Ball
1-2: Ball
2-2: Strikes out swinging
Batting: RHB Wally Briggs 0-0: Fly out, F8 (Flyball, 8LM, EV 79.4 MPH)
Top of the 3rd over - 2 runs, 1 hit, 0 errors, 0 left on base; Greenville 5 - Vancouver 0
BOTTOM OF THE 3RD
Vancouver Grey Wolves batting - Pitching for Greenville 84s : RHP Glenn Suggett
Batting: SHB Tony Manzanares 0-0: Called Strike
0-1: Foul Ball, location: 2F
0-2: Ball
1-2: Strikes out swinging
Batting: LHB Michael Malloy 0-0: Ball
1-0: Called Strike
1-1: Ball
2-1: Foul Ball, location: 2F
2-2: Fly out, F7 (Flyball, 7D, EV 99.4 MPH)
Batting: LHB Gene Ricks 0-0: Ball
1-0: Ball
2-0: Called Strike
2-1: Ball
3-1: Ground out 1-3 (Groundball, 13, EV 81.9 MPH)
Bottom of the 3rd over - 0 runs, 0 hits, 0 errors, 0 left on base; Greenville 5 - Vancouver 0
TOP OF THE 4TH
Greenville 84s batting - Pitching for Vancouver Grey Wolves : RHP Sjoerd Reynoud
Batting: RHB Cornelio Japón 0-0: Called Strike
0-1: Called Strike
0-2: Ball
1-2: Ball
2-2: Strikes out looking
Batting: RHB Giobbe Bastedo 0-0: Called Strike
0-1: Called Strike
0-2: Ball
1-2: Ball
2-2: Foul Ball, location: 2F
2-2: Foul Ball, location: 2F
2-2: Strikes out swinging
Batting: RHB Juan Jose Ayala 0-0: Ball
1-0: Called Strike
1-1: Foul Ball, location: 2F
1-2: SINGLE (Flyball, 9S, EV 90.0 MPH)
Batting: RHB Ángelo Delgado 0-0: Ball
Juan Jose Ayala steals 2nd base
1-0: Called Strike
1-1: Called Strike
1-2: Foul Ball, location: 2F
1-2: Ball
2-2: Fly out, F8 (Line Drive, 8LD, EV 104.4 MPH)
Top of the 4th over - 0 runs, 1 hit, 0 errors, 1 left on base; Greenville 5 - Vancouver 0
BOTTOM OF THE 4TH
Vancouver Grey Wolves batting - Pitching for Greenville 84s : RHP Glenn Suggett
Batting: RHB Ray Skipworth 0-0: Foul Ball, location: 2F
0-1: Fly out, F7 (Flyball, 7LS, EV 86.9 MPH)
Batting: LHB Johan Kroening 0-0: Called Strike
0-1: Called Strike
0-2: Ball
1-2: Strikes out swinging
Batting: LHB Derek Corbin 0-0: Ball
1-0: Swinging Strike
1-1: Foul Ball, location: 2F
1-2: Foul Ball, location: 2F
1-2: Strikes out swinging
Bottom of the 4th over - 0 runs, 0 hits, 0 errors, 0 left on base; Greenville 5 - Vancouver 0
TOP OF THE 5TH
Greenville 84s batting - Pitching for Vancouver Grey Wolves : RHP Sjoerd Reynoud
Batting: RHB Jimbob Ghostkeeper 0-0: Ball
1-0: Foul Ball, location: 2F
1-1: Ball
2-1: Foul Ball, location: 2F
2-2: Foul Ball, location: 2F
2-2: Strikes out swinging
Batting: RHB Tae-cho Han 0-0: Ball
1-0: Called Strike
1-1: Ball
2-1: Fly out, F7 (Flyball, 78M, EV 95.6 MPH)
Batting: LHB Philip Visscher 0-0: Ball
1-0: Called Strike
1-1: Foul Ball, location: 2F
1-2: Foul Ball, location: 2F
1-2: Strikes out looking
Top of the 5th over - 0 runs, 0 hits, 0 errors, 0 left on base; Greenville 5 - Vancouver 0
BOTTOM OF THE 5TH
Vancouver Grey Wolves batting - Pitching for Greenville 84s : RHP Glenn Suggett
Batting: LHB Cameron Woolever 0-0: Called Strike
0-1: Ball
1-1: Called Strike
1-2: Ball
2-2: SINGLE (Groundball, 6MD, EV 95.6 MPH)
Batting: RHB David Stone 0-0: Ball
1-0: Foul Ball, location: 2F
1-1: Foul Ball, location: 2F
1-2: Foul Ball, location: 2F
1-2: Ball
2-2: Fly out, F7 (Flyball, 7S, EV 81.9 MPH)
Batting: RHB José de la Cavallería 0-0: Ball
1-0: Called Strike
1-1: Called Strike
1-2: Reached on error, E6 (Groundball, 6, EV 86.2 MPH)
Cameron Woolever to second
Batting: SHB Tony Manzanares 0-0: Ball
1-0: Foul Ball, location: 2F
1-1: Swinging Strike
1-2: Strikes out swinging
Batting: LHB Michael Malloy 0-0: Ball
1-0: Swinging Strike
1-1: Ball
2-1: Fielders Choice at 2nd, 6-4 (Groundball, 6, EV 90.6 MPH)
Bottom of the 5th over - 0 runs, 1 hit, 1 error, 2 left on base; Greenville 5 - Vancouver 0
TOP OF THE 6TH
Greenville 84s batting - Pitching for Vancouver Grey Wolves : RHP Sjoerd Reynoud
Batting: RHB Gil Andersen 0-0: Ball
1-0: Swinging Strike
1-1: Ball
2-1: Foul Ball, location: 2F
2-2: SINGLE (Groundball, 56D, EV 95.0 MPH)
Pitching: RHP Xiao-shuang Wong
Batting: RHB Wally Briggs 0-0: Ball
1-0: Ball
2-0: Swinging Strike
2-1: SINGLE (Line Drive, 8LS, EV 104.4 MPH)
Gil Andersen to second
Batting: RHB Cornelio Japón 0-0: Called Strike
0-1: Called Strike
0-2: Fly out, F9 (Flyball, 9S, EV 84.4 MPH)
Batting: RHB Giobbe Bastedo 0-0: Ball
1-0: Ball
2-0: Foul Ball, location: 2F
2-1: Swinging Strike
2-2: Strikes out swinging
Batting: RHB Juan Jose Ayala 0-0: Ball
1-0: Called Strike
1-1: Ball
2-1: SINGLE (Flyball, 9S, EV 88.8 MPH)
Gil Andersen to third
Wally Briggs to second
Runner from 3rd tries for Home, SAFE, throw by RF to home
Batting: RHB Ángelo Delgado 0-0: Ball
1-0: Fly out, F9 (Flyball, 9S, EV 88.1 MPH)
Top of the 6th over - 1 run, 3 hits, 0 errors, 2 left on base; Greenville 6 - Vancouver 0
BOTTOM OF THE 6TH
Vancouver Grey Wolves batting - Pitching for Greenville 84s : RHP Glenn Suggett
Pitching: RHP Rubén Vázquez
Batting: LHB Gene Ricks 0-0: Ball
1-0: Ground out 4-3 (Groundball, 4, EV 101.9 MPH)
Batting: RHB Ray Skipworth 0-0: Foul Ball, location: 2F
0-1: Foul Ball, location: 2F
0-2: Ball
1-2: Fly out, F7 (Flyball, 78S, EV 78.1 MPH)
Batting: LHB Johan Kroening 0-0: SINGLE (Groundball, 3D, EV 96.2 MPH)
Batting: LHB Derek Corbin 0-0: Swinging Strike
0-1: Fly out, F7 (Flyball, 7LS, EV 82.5 MPH)
Bottom of the 6th over - 0 runs, 1 hit, 0 errors, 1 left on base; Greenville 6 - Vancouver 0
TOP OF THE 7TH
Greenville 84s batting - Pitching for Vancouver Grey Wolves : RHP Xiao-shuang Wong
Batting: RHB Jimbob Ghostkeeper 0-0: Called Strike
0-1: Called Strike
0-2: Ball
1-2: Strikes out looking
Batting: RHB Tae-cho Han 0-0: Called Strike
0-1: Ball
1-1: Ball
2-1: Foul Ball, location: 2F
2-2: Ball
3-2: Base on Balls
Batting: LHB Philip Visscher 0-0: Ball
1-0: Ball
2-0: Ball
3-0: Called Strike
3-1: Base on Balls
Tae-cho Han to second
Batting: RHB Gil Andersen 0-0: Fielders Choice at 2nd, U6 (Groundball, 4MD, EV 90.0 MPH)
Tae-cho Han to third
Batting: RHB Wally Briggs 0-0: Fly out, F8 (Line Drive, 8LM, EV 110.6 MPH)
Top of the 7th over - 0 runs, 0 hits, 0 errors, 2 left on base; Greenville 6 - Vancouver 0
BOTTOM OF THE 7TH
Vancouver Grey Wolves batting - Pitching for Greenville 84s : RHP Rubén Vázquez
Batting: LHB Cameron Woolever 0-0: Ball
1-0: Fly out, F8 (Flyball, 8LS, EV 87.5 MPH)
Batting: RHB David Stone 0-0: Called Strike
0-1: Called Strike
0-2: Ball
1-2: Foul Ball, location: 2F
1-2: Strikes out swinging
Batting: RHB José de la Cavallería 0-0: Ball
1-0: Ball
2-0: Called Strike
2-1: Foul Ball, location: 2F
2-2: Ball
3-2: Strikes out swinging
Bottom of the 7th over - 0 runs, 0 hits, 0 errors, 0 left on base; Greenville 6 - Vancouver 0
TOP OF THE 8TH
Greenville 84s batting - Pitching for Vancouver Grey Wolves : RHP Xiao-shuang Wong
Batting: RHB Cornelio Japón 0-0: Called Strike
0-1: Ball
1-1: Called Strike
1-2: Ball
2-2: Strikes out looking
Batting: RHB Giobbe Bastedo 0-0: Called Strike
0-1: Ground out 5-3 (Groundball, 5, EV 103.8 MPH)
Batting: RHB Juan Jose Ayala 0-0: Ground out 5-3 (Groundball, 56S, EV 85.6 MPH)
Top of the 8th over - 0 runs, 0 hits, 0 errors, 0 left on base; Greenville 6 - Vancouver 0
BOTTOM OF THE 8TH
Vancouver Grey Wolves batting - Pitching for Greenville 84s : RHP Rubén Vázquez
Batting: SHB Tony Manzanares 0-0: Called Strike
0-1: Ball
1-1: SINGLE (Groundball, 34D, EV 99.4 MPH)
Batting: LHB Michael Malloy 0-0: Called Strike
0-1: Swinging Strike
0-2: Ball
1-2: Strikes out swinging
Pitching: LHP Hervé Favier
Batting: LHB Gene Ricks 0-0: Called Strike
0-1: Ball
1-1: Fly out, F9 (Flyball, 89S, EV 84.4 MPH)
Batting: RHB Ray Skipworth 0-0: Called Strike
0-1: Ball
Passed Ball!
Tony Manzanares to second
1-1: Ball
2-1: SINGLE (Groundball, 56D, EV 97.5 MPH)
Tony Manzanares to third
Runner from 3rd tries for Home, SAFE, throw by LF to home
Batting: LHB Johan Kroening 0-0: Ball
1-0: Ground out U3 (Groundball, 34S, EV 66.9 MPH)
Bottom of the 8th over - 1 run, 2 hits, 0 errors, 1 left on base; Greenville 6 - Vancouver 1
TOP OF THE 9TH
Greenville 84s batting - Pitching for Vancouver Grey Wolves : RHP Xiao-shuang Wong
Batting: RHB Ángelo Delgado 0-0: Ball
1-0: Ball
2-0: Called Strike
2-1: Ball
3-1: Base on Balls
Pitching: RHP José Guillén
Batting: RHB Jimbob Ghostkeeper 0-0: Ball
1-0: Ball
2-0: Called Strike
2-1: Fly out, F7 (Flyball, 7, EV 79.4 MPH)
Batting: RHB Tae-cho Han 0-0: Ball
1-0: Foul Ball, location: 2F
1-1: Foul Ball, location: 2F
1-2: Strikes out looking
Batting: LHB Philip Visscher 0-0: Foul Ball, location: 2F
0-1: SINGLE (Groundball, 4, EV 100.6 MPH) (infield hit)
Ángelo Delgado to second
Batting: RHB Gil Andersen 0-0: Ball
1-0: Ball
2-0: Fly out, F9 (Flyball, 9S, EV 86.2 MPH)
Top of the 9th over - 0 runs, 1 hit, 0 errors, 2 left on base; Greenville 6 - Vancouver 1
BOTTOM OF THE 9TH
Vancouver Grey Wolves batting - Pitching for Greenville 84s : LHP Hervé Favier
Batting: LHB Derek Corbin 0-0: Called Strike
0-1: Ball
1-1: Ball
2-1: Foul Ball, location: 2F
2-2: Foul Ball, location: 2F
2-2: Fly out, F7 (Flyball, 7S, EV 84.4 MPH)
Batting: LHB Cameron Woolever 0-0: Ball
1-0: Foul Ball, location: 2F
1-1: Ground out 4-3 (Groundball, 4, EV 102.5 MPH)
Batting: RHB David Stone 0-0: Called Strike
0-1: Foul Ball, location: 2F
0-2: Ball
1-2: Ball
2-2: Strikes out swinging
Bottom of the 9th over - 0 runs, 0 hits, 0 errors, 0 left on base; Greenville 6 - Vancouver 1
Wednesday, July 8th, 2020 - OOTP Baseball 20.8 Build 74